 Dungeon Crawl Stone Soup version 0.30-a0-603-g51a0fb1b98 (webtiles) character file.

Game seed: 15251594778784539658

4724 Leeroy the Martial Artist (level 10, -13/71 HPs)
             Began as a Yellow Draconian Transmuter on Jan 7, 2023.
             Was a Follower of Wu Jian.
             Killed by divine providence
             ... invoked by an orc priest
              (15 damage)
             ... on level 8 of the Dungeon.
             The game lasted 00:17:53 (9349 turns).

Leeroy the Martial Artist (DrTm)                    Turns: 9349, Time: 00:17:53

Health: -13/71     AC:  2    Str: 16    XL:     10   Next: 22%
Magic:  12/13      EV: 22    Int: 15    God:    Wu Jian [*.....]
Gold:   475        SH:  0    Dex: 18    Spells: 3/13 levels left

rFire   + . .      SeeInvis .      - Unarmed
rCold   . . .      Faith    .    (shield currently unavailable)
rNeg    . . .      Spirit   .    (body armour unavailable)
rPois   x          Reflect  .    (helmet currently unavailable)
rElec   .          Harm     .    (cloak currently unavailable)
rCorr   .          Rampage  .    (gloves currently unavailable)
Will    +....      Clarity  +    (boots currently unavailable)
Stlth   ++                       (no amulet)
HPRegen 0.31/turn                D - ring of willpower
MPRegen 0.13/turn                F - ring of protection from fire

@: spider-form (expiring), wereblooded, frozen, very slow
A: venomous fangs, (spit acid), AC +7, tiny, unfitting armour, (cold-blooded),
(acid resistance), (fangs 1), clarity, strong 1
a: End Transformation, Renounce Religion


You were on level 8 of the Dungeon.
You worshipped Wu Jian.
Wu Jian was aware of your devotion.
You were a venomous arachnid creature.
You visited 2 branches of the dungeon, and saw 9 of its levels.

You collected 475 gold pieces.

Inventory:

Missiles
 o - 11 poisoned darts
 s - 6 curare-tipped darts
 x - 5 boomerangs of dispersal
Armour
 n - a +1 pair of boots (melded)
 E - a +0 hat (melded)
Magical Staves
 l - a staff of poison
 u - a staff of conjuration
Jewellery
 D - a ring of willpower (left front leg)
 F - a ring of protection from fire (right front leg)
 J - a +4 ring of slaying
Wands
 y - a wand of digging (6)
 A - a wand of paralysis (10)
 M - a wand of polymorph (8)
Scrolls
 a - 2 scrolls of amnesia
 e - a scroll of vulnerability
 j - a scroll of poison
 m - a scroll of silence
 p - a scroll of enchant weapon
 v - 2 scrolls of identify
 w - a scroll of torment
 C - 2 scrolls of blinking
 G - a scroll of teleportation
 H - a scroll of magic mapping {unknown}
 K - a scroll of noise {unknown}
 L - a scroll of fear
Potions
 b - 2 potions of mutation
 c - 2 potions of curing
 d - a potion of resistance
 f - 2 potions of invisibility {unknown}
 g - 4 potions of might {unknown}
 h - a potion of cancellation {unknown}
 i - a potion of degeneration
 k - 2 potions of magic {unknown}
 q - 3 potions of heal wounds {unknown}
 r - 3 potions of ambrosia {unknown}
 t - 2 potions of attraction {unknown}
 z - 3 potions of flight {unknown}
 B - 5 potions of haste {unknown}
 I - 2 potions of brilliance {unknown}


   Skills:
 - Level 1.1 Fighting
 - Level 0.4 Throwing
 - Level 5.1 Dodging
 - Level 11.0 Unarmed Combat
 - Level 2.0 Spellcasting
 + Level 9.6 Transmutations


You had 3 spell levels left.
You knew the following spells:

 Your Spells              Type           Power      Damage    Failure   Level
a - Beastly Appendage     Tmut           60%        N/A       3%          1
b - Wereblood             Tmut           30%        N/A       4%          2
c - Spider Form           Tmut/Pois      15%        N/A       24%         3
d - Ice Form              Ice/Tmut       15%        N/A       52%         4

Your spell library contained the following spells:

 Spells                   Type           Power      Damage    Failure   Level
 Blink                    Tloc           2%         N/A       54%         2
 Cigotuvi's Dreadful Rot  Necr/Pois/Air  2%         N/A       54%         2
 Momentum Strike          Conj/Tloc      2%         3d8       54%         2
 Static Discharge         Conj/Air       2%         2-3/arc   54%         2
 Gell's Gravitas          Tloc           1%         N/A       75%         3
 Inner Flame              Hex/Fire       1%         N/A       75%         3
 Lesser Beckoning         Tloc           2%         N/A       75%         3
 Teleport Other           Tloc           1%         N/A       75%         3
 Vhi's Electric Charge    Tloc/Air       2%         N/A       75%         3
 Dispel Undead            Necr           1%         3d6       98%         4
 Flame Wave               Conj/Fire      1%         2d4       98%         4
 Sticky Flame             Conj/Fire      1%         2d3       98%         4
 Arcjolt                  Conj/Air       0%         1d10      100%        5
 Lightning Bolt           Conj/Air       0%         1d11      100%        5
 Death Channel            Necr           0%         N/A       100%        6


Dungeon Overview and Level Annotations

Branches:
Dungeon (8/15)             Temple (1/1) D:7
   Lair: D:8-11

Altars:
Ashenzari
Cheibriados
Dithmenos
Elyvilon
Fedhas
Gozag
Hepliaklqana
Kikubaaqudgha
Nemelex Xobeh
Okawaru
Qazlal
Sif Muna
Trog
Uskayaw
Vehumet
Wu Jian
Xom
Yredelemnul
Zin
The Shining One


Innate Abilities, Weirdness & Mutations

You are a venomous arachnid creature.
You have poisonous fangs.
You are tiny and dextrous.
Your spellcasting is less reliable in this form.
Your armour is entirely melded.
You are incapable of wielding weapons or throwing items.
((You can spit globs of acid.))
((Your golden yellow scales are hard. (AC +7)))
You cannot fit into any form of body armour.
((You are cold-blooded and may be slowed by cold attacks.))
((You are resistant to acid. (rCorr)))
((You have very sharp teeth.))
You possess an exceptional clarity of mind.
Your muscles are strong. (Str +4, Int/Dex -1)


Message History

The rime drake breathes ice at you. The icy flash freeze misses you.
You bite the orc priest!
The orc priest is heavily wounded.
An orc priest comes into view. It is wielding a +0 flail.
The orc priest hits you with a +0 hand axe.
You hit the orc priest.
The orc priest is poisoned.
The orc priest is almost dead.
The rime drake bites you.
You bite the orc priest!
You feel a bit better.
You kill the orc priest!
The Council accepts your kill.
The orc priest begins to cast a cantrip, but forgets the words!
A water moccasin comes into view.
The rime drake misses you.
You bite the orc!
You feel a bit better.
You kill the orc!
The Council accepts your kill.
An orc wizard comes into view. It is wielding a +2 dagger of pain.
The orc priest invokes the aid of Beogh against you.
Beogh smites you!
* * * LOW HITPOINT WARNING * * *
You hit the rime drake.
The rime drake is lightly wounded.
The rime drake completely misses you.
You lunge at the orc wizard.
You closely miss the orc wizard.
You hiss as the wereblood boils in your veins!
The rime drake breathes ice at you. The icy flash freeze hits you!
* * * LOW HITPOINT WARNING * * *
You are encased in ice.
The orc wizard gestures wildly while chanting.
The orc wizard flickers and vanishes!
Deactivating autopickup; reactivate with Ctrl-A.
Items here: ))) [[ †.
You barely miss something. The rime drake misses you.
Something barely misses you.
The orc priest invokes the aid of Beogh against you.
Beogh smites you!
You die...

# #.......... ..
o.o...... # ...#..#....
.. ........## . ...
.o..#..# . ....## #....#
... ...... #....#### ...
......####{.....# .....
........#s.....?## ......
.....#o.k#.......# #.....
.....#..##.......# ......
........#..#..#### .....
...........#..# .....
........#....... .##
..................
.######.................#
......#.......).........#


You could see a rime drake and an orc priest.

Vanquished Creatures
  5 yaks (D:8)
  2 acid dragons (D:8)
  3 black bears
  5 ice beasts
  An ogre (D:5)
  A wolf (D:8)
  2 sky beasts (D:7)
  2 centaurs
  4 phantoms
  3 bullfrogs
  A necrophage (D:5)
  A gnoll sergeant (D:5)
  3 scorpions
  5 killer bees (D:8)
  A howler monkey (D:7)
  A vampire bat (D:4)
  4 hounds
  2 gnoll boudas
  5 orc priests
  7 jellies
  6 iguanas
  8 orc wizards
  15 gnolls
  7 adders
  2 shadow imps (D:6)
  2 white imps
  3 ufetubi
  3 worms
  A dart slug (D:3)
  4 fire bats (D:4)
  23 orcs
  2 spectral bats (D:4)
  3 bat skeletons (D:4)
  A bat zombie (D:4)
  6 endoplasms
  3 giant cockroaches
  8 goblins
  4 hobgoblins
  5 kobolds
  3 quokkas
  12 bats
  A bat simulacrum (D:4)
  A frilled lizard (D:2)
  6 rats
187 creatures vanquished.

Vanquished Creatures (others)
  An orc wizard (D:8)
1 creature vanquished.

Grand Total: 188 creatures vanquished

Notes
Turn   | Place    | Note
-------+----------+-------------------------------------------
     0 | D:1      | Leeroy the Draconian Transmuter began the quest for the
                  | Orb.
     0 | D:1      | Reached XP level 1. HP: 16/16 MP: 3/3
   283 | D:1      | Reached XP level 2. HP: 22/23 MP: 3/5
  1104 | D:2      | Reached skill level 4 in Unarmed Combat
  1249 | D:2      | Reached XP level 3. HP: 28/28 MP: 6/6
  1586 | D:3      | Found a faded altar of an unknown god.
  1651 | D:3      | HP: 1/28 [rat (2)]
  2072 | D:3      | Reached XP level 4. HP: 35/35 MP: 7/7
  2252 | D:3      | Found a shadowy altar of Dithmenos.
  2386 | D:3      | Learned a level 2 spell: Wereblood
  2390 | D:3      | Learned a level 3 spell: Spider Form
  2396 | D:4      | Reached XP level 5. HP: 25/40 MP: 4/8
  2400 | D:4      | Noticed a black bear
  2637 | D:4      | Killed a black bear
  2727 | D:4      | Reached skill level 5 in Dodging
  2727 | D:4      | Reached XP level 6. HP: 29/47 MP: 9/9
  2923 | D:4      | Found a transporter.
  3135 | D:4      | Reached skill level 5 in Unarmed Combat
  3306 | D:4      | Noticed an ice beast
  3318 | D:4      | Killed an ice beast
  3319 | D:4      | Your scales start taking on a golden yellow colour.
  3319 | D:4      | Reached XP level 7. HP: 52/52 MP: 7/10
  3319 | D:4      | Gained mutation: You are resistant to acid. (rCorr) [Yellow
                  | Draconian growth]
  3364 | D:4      | Reached skill level 6 in Unarmed Combat
  3661 | D:4      | Found a transporter.
  3665 | D:4      | Noticed a fire bat
  4099 | D:5      | Entered Level 5 of the Dungeon
  4163 | D:4      | Killed a fire bat
  4164 | D:4      | Reached skill level 7 in Unarmed Combat
  4466 | D:4      | Reached skill level 8 in Unarmed Combat
  4570 | D:4      | Reached XP level 8. HP: 59/59 MP: 11/11
  4981 | D:5      | Reached skill level 9 in Unarmed Combat
  5456 | D:5      | You fall into a shaft and drop 2 floors!
  5509 | D:7      | Reached skill level 10 in Unarmed Combat
  5712 | D:7      | HP: 1/59 [something (6)]
  5713 | D:7      | Gained mutation: You have hidden genetic defects. [potion
                  | of mutation]
  5713 | D:7      | Gained mutation: You are robust. (+10% HP) [potion of
                  | mutation]
  5723 | D:7      | HP: 1/64 [something (5)]
  5946 | D:6      | Lost mutation: You are robust. (+10% HP) [potion of
                  | mutation]
  5946 | D:6      | Lost mutation: You have hidden genetic defects. [potion of
                  | mutation]
  5946 | D:6      | Gained mutation: You possess an exceptional clarity of
                  | mind. [potion of mutation]
  5946 | D:6      | Gained mutation: You have very sharp teeth. [potion of
                  | mutation]
  5946 | D:6      | Gained mutation: Your muscles are strong. (Str +4, Int/Dex
                  | -1) [potion of mutation]
  6540 | D:6      | Reached skill level 11 in Unarmed Combat
  6540 | D:6      | Reached XP level 9. HP: 64/64 MP: 12/12
  6558 | D:6      | Learned a level 4 spell: Ice Form
  7441 | D:5      | Found a broken altar of Ashenzari.
  7676 | D:5      | Reached skill level 5 in Transmutations
  8193 | D:7      | Found a staircase to the Ecumenical Temple.
  8210 | Temple   | Entered the Ecumenical Temple
  8377 | Temple   | Became a worshipper of the Wu Jian Council
  8525 | D:7      | Found a glowing silver altar of Zin.
  8525 | D:7      | Found a radiant altar of Vehumet.
  8528 | D:7      | Found a white marble altar of Elyvilon.
  8848 | D:8      | Found a blossoming altar of Fedhas.
  8863 | D:8      | Noticed a cyclops
  8964 | D:8      | Found a sparkling altar of Nemelex Xobeh.
  9183 | D:8      | Reached XP level 10. HP: 57/71 MP: 8/13
  9276 | D:8      | Reached * piety under Wu Jian
  9348 | D:8      | HP: 2/71 [rime drake/icy flash freeze (11)]
  9349 | D:8      | Killed from afar by an orc priest

Illustrated notes

Levels and vault maps discovered:
D:1:      tekkud_arrival_beachfront_property, layout_basic
D:2:      layout_loops_cross
D:3:      layout_basic, mainiacjoe_overflow_alcove_4,
          hellmonk_ecumenical_altar_heavens_door
D:4:      gammafunk_cloud_chamber, layout_loops_ring, goddamned_bats
D:5:      kennysheep_spiral_hall, layout_cave_pools,
          mainiacjoe_overflow_alcove_2, minmay_fractal_squares_diagonal_5
D:6:      layout_gridville
D:7:      nicolae_cairo_tiling_large_dashed, layout_basic,
          chequers_temple_overflow_statue_of_worship
D:8:      layout_cave_pools, nicolae_overflow_hidden_temple,
          mainiacjoe_overflow_small_starburst, overflow_temple_1_default,
          hellmonk_lair_entry_icy
Temple:   hellmonk_temple_forest_ring

Skill      XL: |  1  2  3  4  5  6  7  8  9 10 |
---------------+-------------------------------+-----
Unarmed Combat | 4 5 8 11 | 11.0
Dodging        | 2 3 5 |  5.1
Transmutations | 8 9 |  9.6
Fighting       | |  1.1
Throwing       | |  0.4
Spellcasting   | |  2.0

Action                   |  1- 3 |  4- 6 |  7- 9 | 10-12 || total
-------------------------+-------+-------+-------+-------++-------
Melee: Unarmed           |   122 |   149 |   411 |    44 ||   726
       Tailslap          |    19 |    14 |    47 |       ||    80
       Kick              |     4 |     9 |    17 |       ||    30
       Headbutt          |     3 |     7 |    13 |       ||    23
       Punch             |     2 |     1 |    23 |       ||    26
       Bite              |       |       |    20 |       ||    20
Throw: Dart              |     1 |     1 |       |       ||     2
 Cast: Beastly Appendage |     9 |     8 |    15 |       ||    32
       Spider Form       |       |     3 |     8 |     2 ||    13
       Wereblood         |       |       |     5 |     2 ||     7
       Ice Form          |       |       |     1 |       ||     1
Invok: Lunge             |       |       |     5 |     3 ||     8
       Whirlwind         |       |       |       |     3 ||     3
 Abil: Breathe Acid      |       |       |     9 |       ||     9
  Use: Potion            |     1 |       |     6 |       ||     7
       Scroll            |     1 |       |    12 |       ||    13
 Stab: Sleeping          |     1 |       |     2 |       ||     3
Armor: Skin              |    53 |    72 |   137 |     2 ||   264
Dodge: Dodged            |    70 |   198 |   378 |    45 ||   691

Table legend: (Time is in decaauts)
 A = Elapsed time spent in this place.
 B = Non-inter-level travel time spent in this place.
 C = Inter-level travel time spent in this place.
 D = Time resting spent in this place.
 E = Time spent auto-exploring this place.
 F = Levels seen in this place.
 G = Mean time per level.
                   A        B        C        D        E       F      G
               +--------+--------+--------+--------+--------+-----+--------+
         Total |   9270 |   8657 |    613 |   1817 |   5169 |   9 | 1030.0 |
       Dungeon |   9096 |   8508 |    588 |   1817 |   5033 |   8 | 1137.0 |
        Temple |    173 |    148 |     25 |      0 |    136 |   1 |  173.0 |
               +--------+--------+--------+--------+--------+-----+--------+

Top non-repeatable levels by time:
     D:4: 2516 daAuts
     D:6: 1603 daAuts
     D:5: 1005 daAuts
     D:3: 1004 daAuts
     D:7: 994 daAuts
     D:1: 856 daAuts
     D:2: 636 daAuts
     D:8: 479 daAuts
  Temple: 173 daAuts
